AoeStats
← LE FURET

Oasis

507401049Analyzed
4v4 RM · 14d ago on Sep 18, 2026· 17m 34s· 8 players
Game mode
Random Map
Map size
Large (8 player)
Population
200
Speed
Normal
Resources
Standard
Victory
Conquest
Starting age
Dark Age
Ending age
Imperial Age
RankedLock teamsTeams togetherTeam positionsShared explorationLock speedFull tech treeHidden civsTurbo modeCheats
Victory
Defeat
🇨🇱 Berbers · Chile
1362
+13
🇦🇷 Huns · Argentina
1184
+20
🇵🇾 Burgundians · Paraguay
1181
+21
🇨🇴 Persians · Colombia
1163
+22
🇹🇼 Khmer · Taiwan
1317
-20
🇺🇸 Vikings · United States
1304
-20
🇲🇽 Ethiopians · Mexico
1263
-18
🇨🇳 Burgundians · China
1260
-18
Rsquared
1:48 Loom
5:13 Loom
10:07 Feudal Age
11:08 Double-Bit Axe
16:01 Fletching
Clearly
5:36 Loom
11:28 Feudal Age
Akane
2:36 Loom
7:18 Double-Bit Axe
7:13 Horse Collar
12:20 Feudal Age
14:17 Forging
14:13 Scale Barding Armor
飛衫走奶
7:00 Loom
9:22 Feudal Age
10:04 Double-Bit Axe
12:21 Forging
14:24 Scale Barding Armor
17:08 Wheelbarrow
16:15 Horse Collar
16:57 Bloodlines
duvaniglesias70
9:39 Feudal Age
12:43 Bloodlines
13:51 Forging
Gus_Fring
3:05 Loom
11:47 Feudal Age
12:50 Double-Bit Axe
12:52 Man-at-Arms
14:32 Scale Mail Armor
15:07 Forging
17:59 Bloodlines
DANICW82
4:34 Loom
8:30 Wheelbarrow
11:28 Feudal Age
LE FURET
9:52 Feudal Age
10:20 Double-Bit Axe
12:29 Loom
13:46 Forging
14:48 Gold Mining
Connection lost

Rejoining the realm…

Still unreachable

The connection could not be restored.

Session expired

The server has moved on; the page needs a fresh start.